 Dungeon Crawl Stone Soup version 0.26.1-2-gb8aa6d0cf2 (webtiles) character file.

Game seed: 13810485979777278974

1561 Martska the Skirmisher (level 8, 0/78 (87) HPs)
             Began as an Ogre Hunter on Mar 15, 2021.
             Slain by Harold
             ... wielding a +0 trident of flaming
              (17 damage)
             ... on level 7 of the Dungeon.
             The game lasted 00:11:31 (11637 turns).

Martska the Skirmisher (Ogre Hunter)               Turns: 11637, Time: 00:11:33

HP:   0/78 (87)     AC:  4    Str: 19    XL:     8   Next: 89%
MP:   8/8           EV: 11    Int: 12    God:
Gold: 198           SH:  0    Dex:  9    Spells: 7/7 levels left

rFire    . . .     SeeInvis .   r - +3 flail (curse)
rCold    . . .     Faith    .   (no shield)
rNeg     . . .     Spirit   .   b - +0 robe
rPois    .         Reflect  .   (helmet restricted)
rElec    .         Harm     .   i - +0 cloak
rCorr    .         Rampage  .   (gloves unavailable)
Will     .....                  (boots unavailable)
Stlth    ++........             (no amulet)
HPRegen  0.23/turn              (no ring)
MPRegen  0.11/turn              (no ring)

@: marked, attractive, heavily drained
A: large, unfitting armour, tough skin 1
a: no special abilities


You were on level 7 of the Dungeon.
You visited 2 branches of the dungeon, and saw 8 of its levels.

You collected 198 gold pieces.

Inventory:

Hand Weapons
 a - a +0 short sword
 o - a +0 club
 q - a +0 whip
 r - a cursed +3 flail (weapon)
 t - a +0 whip
Missiles
 d - 2 throwing nets (quivered)
Armour
 b - a +0 robe (worn)
 i - a +0 cloak (worn)
Jewellery
 y - an uncursed ring of teleportation
Wands
 w - a wand of flame (26)
 z - a wand of polymorph (5)
 B - a wand of acid (13)
 C - a wand of enslavement (15)
 D - a wand of iceblast (6)
Scrolls
 f - a scroll of blinking {unknown}
 h - a scroll of fear {unknown}
 j - 2 scrolls of identify
 l - 3 scrolls of amnesia
 m - a scroll of fog {unknown}
 p - a scroll of enchant weapon {unknown}
 u - 2 scrolls of enchant armour {unknown}
 v - 2 scrolls of remove curse
Potions
 e - a potion of brilliance {unknown}
 k - a potion of magic {unknown}
 n - 2 potions of haste
 s - 2 potions of flight {unknown}
 x - 3 potions of attraction
 A - 2 potions of degeneration {unknown}


   Skills:
 * Level 7.0 Fighting
 * Level 4.1 Maces & Flails
 * Level 6.4 Throwing
 * Level 4.9 Dodging
 - Level 2.0 Stealth
 * Level 2.5 Evocations


You had 7 spell levels left.
You didn't know any spells.
Your spell library was empty.

Dungeon Overview and Level Annotations

Branches:
Dungeon (7/15)             Temple (1/1) D:5

Altars:
Ashenzari
Cheibriados
Dithmenos
Elyvilon
Fedhas
Gozag
Hepliaklqana
Kikubaaqudgha
Makhleb
Nemelex Xobeh
Qazlal
Ru
Trog
Vehumet
Wu Jian
Xom
Yredelemnul
Zin
The Shining One

Annotations:
D:7 Harold


Innate Abilities, Weirdness & Mutations

You are too large for most types of armour.
You have tough skin. (AC +1)


Message History

You feel attractive to monsters.
Harold hits you with a +0 trident of flaming!
* * * LOW HITPOINT WARNING * * *
Harold burns you.
* * * LOW HITPOINT WARNING * * *
You feel better.
You feel better. Harold misses you.
You feel better.
Harold hits you with a +0 trident of flaming!
* * * LOW HITPOINT WARNING * * *
Harold burns you.
* * * LOW HITPOINT WARNING * * *
You feel better. Harold barely misses you.
Aiming: Throw Flame
Press: ? - help, Shift-Dir - straight line, f/p - Harold
Aim: Harold, wielding a +0 trident of flaming and wearing a +0 scale mail (heavily wounded, 17% to evade)
The puff of flame hits Harold!
Harold is severely wounded.
Harold hits you with a +0 trident of flaming!
You die...

#.. ##### ..#####..#
##...##..........#
#....#...........##
.......<.........#
........##.......#
###...(.... #.......
##..(@.....# ##.....)
#########...@.....## #.......
...................#.##......
..........(.......>..........
..####'###..#.....####......
#8..#...8#.....#####.......
#....#...#.##### #........
#...#....#.. +..#..#...
##.#(#.#.+.## +..#.#####
+.#.#[#.##.. ## #......


You could see Harold.

Vanquished Creatures
  Grinder (D:6)
  Menkaure (D:7)
  A black bear (D:6)
  An ice beast (D:5)
  2 phantoms
  A centaur (D:5)
  A water moccasin skeleton (D:6)
  3 wights
  A howler monkey (D:5)
  4 hounds
  An orc wizard (D:5)
  A centaur skeleton (D:5)
  3 iguanas
  4 worker ants
  4 gnolls (D:6)
  14 adders
  A white imp (D:5)
  2 oozes
  2 adder skeletons
  2 worms
  A dart slug (D:1)
  2 leopard geckos
  7 orcs
  5 giant cockroaches
  4 goblins
  2 hobgoblins
  10 jackals
  5 kobolds
  3 quokkas
  2 ball pythons
  4 bats
  4 frilled lizards
  11 rats
110 creatures vanquished.

Notes
Turn   | Place    | Note
-------+----------+-------------------------------------------
     0 | D:1      | Martska the Ogre Hunter began the quest for the Orb.
     0 | D:1      | Reached XP level 1. HP: 22/22 MP: 1/1
   184 | D:1      | Reached skill level 3 in Fighting
   184 | D:1      | Reached XP level 2. HP: 24/31 MP: 2/2
   870 | D:2      | Reached skill level 1 in Stealth
   870 | D:2      | Reached XP level 3. HP: 37/37 MP: 3/3
  1443 | D:2      | Reached XP level 4. HP: 32/45 MP: 4/4
  1656 | D:2      | Reached skill level 1 in Maces & Flails
  1949 | D:2      | Found a shimmering altar of Xom.
  2108 | D:3      | Found a radiant altar of Vehumet.
  2622 | D:3      | Found a blossoming altar of Fedhas.
  3122 | D:3      | Reached XP level 5. HP: 54/54 MP: 5/5
  4108 | D:4      | Reached skill level 4 in Fighting
  4166 | D:4      | Noticed a phantom
  4186 | D:4      | Killed a phantom
  4187 | D:4      | Reached XP level 6. HP: 32/63 MP: 6/6
  4596 | D:4      | Reached skill level 5 in Throwing
  5389 | D:5      | Entered Level 5 of the Dungeon
  5793 | D:5      | Reached skill level 5 in Fighting
  5793 | D:5      | Reached XP level 7. HP: 57/72 MP: 7/7
  5989 | D:5      | Found a staircase to the Ecumenical Temple.
  5995 | Temple   | Entered the Ecumenical Temple
  7867 | D:5      | Reached skill level 1 in Evocations
  8404 | D:6      | Found a hazy altar of Hepliaklqana.
  8406 | D:6      | Noticed Grinder
  8418 | D:6      | Killed Grinder
  8419 | D:6      | Reached skill level 6 in Fighting
  8419 | D:6      | Reached XP level 8. HP: 63/83 MP: 8/8
 10933 | D:7      | Noticed Menkaure
 11144 | D:7      | Killed Menkaure
 11166 | D:7      | Reached skill level 7 in Fighting
 11620 | D:7      | Noticed Harold
 11632 | D:7      | HP: 3/78 [Harold/+0 trident of flaming (1)]
 11637 | D:7      | Slain by Harold

Illustrated notes

Levels and vault maps discovered:
D:1:      minmay_arrival_hallway, layout_loops_ring
D:2:      layout_loops_cross, xom_teletrap_fun
D:3:      layout_basic, old_standard_altar, lemuel_doored_altar, serial_rivers,
          chequers_serial_rivers_micro_e, chequers_serial_rivers_marsh,
          chequers_serial_rivers_small_b, chequers_serial_rivers_small_a,
          chequers_serial_rivers_micro_c, chequers_serial_rivers_marsh
D:4:      layout_cave_pods
D:5:      layout_layer_cave, temple_green
D:6:      layout_basic, old_standard_altar, serial_corexii_hall,
          corexii_hall_statues_t, chequers_hall_statues_y, uniq_grinder
D:7:      layout_cave_pools, gammafunk_temple_overflow_wave,
          dancing_weapons_uskayaw, minivault_1, ebering_dispersal_statue_hall,
          uniq_menkaure, uniq_harold
Temple:   regret_index_temple_waves

Skill      XL: |  1  2  3  4  5  6  7  8 |
---------------+-------------------------+-----
Fighting       | 3 4 5 6 7 |  7.0
Dodging        | 2 3 4 |  4.9
Stealth        | 1 2 |  2.0
Maces & Flails | 1 2 3 4 |  4.1
Throwing       | 5 6 |  6.4
Evocations     | 1 2 |  2.5

Action                   |  1- 3 |  4- 6 |  7- 9 || total
-------------------------+-------+-------+-------++-------
Melee: Short sword       |    51 |       |       ||    51
       Club              |    24 |       |       ||    24
       Whip              |    58 |   196 |   317 ||   571
       Flail             |       |       |    49 ||    49
Throw: Large rock        |     1 |    25 |    27 ||    53
       Throwing net      |       |       |     2 ||     2
Evoke: Wand              |       |       |     1 ||     1
  Use: Potion            |       |       |     8 ||     8
       Scroll            |       |       |     6 ||     6
 Stab: Sleeping          |     3 |       |       ||     3
Armor: Robe              |    45 |    54 |    81 ||   180
Dodge: Dodged            |    85 |   102 |   255 ||   442
